 Dungeon Crawl Stone Soup version 0.31.0-12-g77e489cdc1 (webtiles) character file.

Game seed: 4611385142712395216

10445 Doomgape the Fighter (level 11, -6/76 HPs)
             Began as a Gargoyle Fighter on Feb 23, 2024.
             Was a High Priest of Okawaru.
             Killed by psychic fangs
             ... invoked by a neqoxec
             ... summoned by a glowing orange brain
              (8 damage)
             ... on level 1 of the Abyss.
             The game lasted 00:29:23 (8376 turns).

Doomgape the Fighter (Gargoyle Fighter)             Turns: 8376, Time: 00:29:23

Health: -6/76      AC: 24    Str: 27    XL:     11   Next: 62%
Magic:  0/11       EV: 14    Int: 13    God:    Okawaru [*****.]
Gold:   575        SH:  0    Dex:  9    Spells: 10/10 levels left

rFire   + . .        p - +8 trident "Duafun" {spect, rF+ Str+3 Int+4}
rCold   . . .        c - +0 buckler
rNeg    + . .        e - +1 chain mail
rPois   ∞            (no helmet)
rElec   +            w - +2 cloak
rCorr   .            (no gloves)
SInv    .            (no boots)
Will    .....        r - amulet of guardian spirit Stlth
                     t - +5 ring of evasion
HPRegen 0.32/turn    (no ring)
MPRegen 0.12/turn

%: guardian spirit
@: confused
A: sickness immunity, AC +8, negative energy resistance 1, electricity
resistance, torment resistance 1, petrification resistance
a: Renounce Religion, Heroism, Finesse, Duel


You were on level 1 of the Abyss.
You worshipped Okawaru.
Okawaru was extremely pleased with you.
You visited 2 branches of the dungeon, and saw 12 of its levels.
You visited the Abyss 1 time.

You collected 575 gold pieces.

Inventory:

Hand Weapons
 p - the +8 trident "Duafun" (weapon) {spect, rF+ Str+3 Int+4}
   (You found it on level 4 of the Dungeon)

   Str+3:     It affects your strength (+3).
   Int+4:     It affects your intelligence (+4).
   rF+:       It protects you from fire.
 s - a +3 spear of freezing
Missiles
 j - 3 javelins (quivered)
 k - a throwing net
Armour
 c - a +0 buckler (worn)
 e - a +1 chain mail (worn)
 w - a +2 cloak (worn)
Jewellery
 r - an amulet of guardian spirit (around neck)
 t - a +5 ring of evasion (left hand)
 D - a ring of positive energy
Wands
 a - a wand of flame (25)
 o - a wand of polymorph (5)
 v - a wand of mindburst (32)
Scrolls
 b - 3 scrolls of enchant armour
 f - 3 scrolls of noise
 i - 3 scrolls of identify
 x - 4 scrolls of vulnerability
 y - a scroll of teleportation
 C - a scroll of immolation
Potions
 d - 2 potions of might
 g - a potion of cancellation
 h - 2 potions of haste
 m - 4 potions of attraction
 n - 4 potions of curing
 q - 2 potions of invisibility
 z - a potion of magic
 A - 2 potions of lignification
 B - a potion of mutation


   Skills:
 + Level 12.0 Fighting
 - Level 3.7(7.3) Maces & Flails
 + Level 9.8(10.1) Staves
 - Level 10.9 Armour
 + Level 5.7 Shields


You had 10 spell levels left.
You didn't know any spells.
Your spell library contained the following spells:

 Spells                   Type           Power      Damage    Failure   Level
 Apportation              Tloc           0%         N/A       78%         1
 Necrotise                Necr           0%         1d4       78%         1
 Sting                    Conj/Alch      0%         1d3       78%         1
 Ensorcelled Hibernation  Hex/Ice        0%         N/A       89%         2
 Borgnjor's Vile Clutch   Necr/Erth      0%         N/A       100%        5
 Ozocubu's Refrigeration  Ice            0%         4d7       100%        7
 Summon Small Mammal      Summ           Unusable   N/A       N/A         1
 Animate Dead             Necr           Unusable   N/A       N/A         4
 Death Channel            Necr           Unusable   N/A       N/A         6

Dungeon Overview and Level Annotations

Branches:
Dungeon (11/15)            Temple (1/1) D:4            Lair (0/5) D:10
    Orc (0/2) D:10

Altars:
Ashenzari
Cheibriados
Dithmenos
Elyvilon
Fedhas
Gozag
Hepliaklqana
Kikubaaqudgha
Makhleb
Nemelex Xobeh
Okawaru
Qazlal
Ru
Sif Muna
Trog
Uskayaw
Vehumet
Wu Jian
Xom
Yredelemnul
Zin
The Shining One

Shops:
D:2 :   D:10 [

Annotations:
D:4 2 transporters
D:7 2 transporters, Koenig04's ghost, novice DECj
D:11 Grum; Sonja


Innate Abilities, Weirdness & Mutations

You are immune to sickness and miasma.
Your stone body is resilient. (AC +8)
You are immune to poison.
You resist negative energy. (rN+)
You are resistant to electric shocks. (rElec)
You are resistant to unholy torment.
You are immune to petrification.


Message History

A balrug comes into view. It is wielding a +0 demon whip.
The balrug shouts!
The thrashing horror barely misses you.
The thrashing horror tramples you but does no damage.
The neqoxec closely misses you.
A sun demon comes into view.
Unknown command.
You feel better.
The sun demon shouts!
You hear a hideous shriek!
The sixfirhy closely misses you. x2
The thrashing horror closely misses you.
The thrashing horror tramples you but does no damage.
You block the sixfirhy's attack.
A large abomination comes into view.
The sixfirhy closely misses you. The neqoxec misses you.
You miss the sixfirhy.
Your +8 trident "Duafun" {spect, rF+ Str+3 Int+4} completely misses the sixfirhy.
The sixfirhy hits you. The sixfirhy shocks you. You resist.
The sixfirhy hits you! The sixfirhy shocks you. You resist.
The sixfirhy closely misses you. The thrashing horror misses you.
The thrashing horror tramples you but does no damage.
The sixfirhy hits you. The sixfirhy shocks you. You resist.
The glowing orange brain pulsates.
You are confused.
The thrashing horror tramples your +8 trident "Duafun" {spect, rF+ Str+3 Int+4}!!
Your spectral weapon shares its damage with you!
Your +8 trident "Duafun" {spect, rF+ Str+3 Int+4} is shoved backwards!
The neqoxec hits you but does no damage.
The large abomination hits you!!
* * * LOW HITPOINT WARNING * * *
Unknown command.
You barely miss the glowing orange brain.
Your +8 trident "Duafun" {spect, rF+ Str+3 Int+4} hits the glowing orange brain from afar!
The thrashing horror tramples you but does no damage.
The thrashing horror tramples you!
* * * LOW HITPOINT WARNING * * *
You hold your ground!
The neqoxec gestures at you. Something gnaws heavily on your mind!
You die...

### .. ###.# #.
.... ... .. #..>
..# # # ##.## #.##
.. ###..X###...## .
...#...3.#.....# .
.. ......h3@(......
#.....#...GX#.....#
. #...
##...###...## # .#
. # ##2## #.## .. #
.. #3..## ..# . ..
. .#X.> . ..# .
#..##. #..##.X## #.
. .. ............ .
. .......... .. .


You could see a balrug, a glowing orange brain, a sun demon, a thrashing horror
(strong), 2 large abominations, a sixfirhy (summoned), a raiju, a neqoxec
(summoned) and a friendly +8 trident "Duafun" {spect, rF+ Str+3 Int+4}.

Vanquished Creatures
  A soul eater (Abyss:1)
  Pikel (D:5)
  An oklob plant (D:10)
  Maurice (D:8)
  An unseen horror (D:10)
  A troll (D:9)
  A shadow (D:9)
  A wraith (D:11)
  25 yaks
  A vampire mosquito (D:11)
  A chaos spawn (Abyss:1)
  2 steam dragons
  2 acid dragons (D:10)
  2 black bears
  A sky beast (D:7)
  An ogre (D:7)
  3 centaurs
  3 wolves (D:11)
  2 bullfrogs
  A gnoll sergeant (D:11)
  3 scorpions
  2 small abominations (Abyss:1)
  11 wights
  13 killer bees
  A howler monkey (D:9)
  4 hounds
  A bombardier beetle (D:5)
  4 jellies
  7 orc priests
  Jessica (D:3)
  3 iguanas
  10 orc wizards
  12 gnolls
  9 adders
  3 white imps
  4 dart slugs
  A ribbon worm (D:3)
  29 orcs
  4 endoplasms
  A giant cockroach (D:1)
  10 goblins
  10 hobgoblins
  9 kobolds
  5 quokkas
  6 ball pythons
  6 bats
  7 frilled lizards
  5 rats
233 creatures vanquished.

Notes
Turn   | Place    | Note
-------+----------+-------------------------------------------
     0 | D:1      | Doomgape the Gargoyle Fighter began the quest for the Orb.
     0 | D:1      | Reached XP level 1. HP: 14/14 MP: 1/1
   116 | D:1      | Reached XP level 2. HP: 19/19 MP: 2/2
   330 | D:1      | Reached XP level 3. HP: 24/24 MP: 3/3
   828 | D:2      | Reached skill level 4 in Fighting
  1000 | D:2      | Reached XP level 4. HP: 26/29 MP: 4/4
  1214 | D:2      | Found Saostiap's Book Shoppe.
  1683 | D:3      | Reached XP level 5. HP: 25/34 MP: 5/5
  1902 | D:3      | Noticed Jessica
  1913 | D:3      | Killed Jessica
  2072 | D:3      | Found a shimmering blue altar of Sif Muna.
  2106 | D:3      | Got Geplus's Lectures on the Vexatious Deep Freeze
  2175 | D:3      | Reached XP level 6. HP: 5/40 MP: 6/6
  2375 | D:3      | Reached skill level 5 in Fighting
  2487 | D:3      | Noticed a black bear
  2623 | D:4      | Identified the +8 trident "Duafun" {spect, rF+ Str+3 Int+4}
  2739 | D:4      | Found a transporter.
  2751 | D:4      | Found a transporter.
  2795 | D:4      | Found a glowing golden altar of the Shining One.
  2865 | D:4      | Found a staircase to the Ecumenical Temple.
  2874 | Temple   | Entered the Ecumenical Temple
  2907 | Temple   | Became a worshipper of Warmaster Okawaru
  3034 | D:4      | Found an opulent altar of Gozag.
  3035 | D:4      | Found a hazy altar of Hepliaklqana.
  3167 | D:4      | Reached skill level 5 in Armour
  3295 | D:5      | Entered Level 5 of the Dungeon
  3305 | D:5      | Reached skill level 1 in Staves
  3373 | D:5      | Reached XP level 7. HP: 44/44 MP: 7/7
  3462 | D:5      | Reached * piety under Okawaru
  3463 | D:5      | Reached skill level 6 in Fighting
  3465 | D:5      | Noticed Pikel
  3475 | D:5      | Killed Pikel
  3475 | D:5      | Reached ** piety under Okawaru
  3476 | D:5      | Reached XP level 8. HP: 44/52 MP: 8/8
  3607 | D:5      | Reached skill level 7 in Fighting
  3681 | D:5      | Found an ancient bone altar of Kikubaaqudgha.
  4069 | D:5      | Reached *** piety under Okawaru
  4268 | D:6      | Reached skill level 5 in Staves
  4403 | D:6      | Reached skill level 8 in Fighting
  4403 | D:6      | Reached XP level 9. HP: 54/59 MP: 7/9
  5150 | D:7      | Found a transporter.
  5156 | D:7      | Reached **** piety under Okawaru
  5636 | D:7      | Found a transporter.
  5637 | D:7      | Noticed Koenig04's ghost (novice DECj)
  5638 | D:7      | Identified the +11 dire flail of Anuskat {holy, rCorr Dex-5
                  | SInv}
  5638 | D:7      | Noticed a two-headed ogre
  5823 | D:8      | Reached skill level 9 in Fighting
  5902 | D:8      | Noticed Maurice
  5909 | D:8      | Killed Maurice
  5914 | D:8      | Reached XP level 10. HP: 51/66 MP: 5/10
  6350 | D:9      | Reached skill level 10 in Fighting
  6357 | D:9      | Reached skill level 10 in Armour
  6394 | D:9      | Reached ***** piety under Okawaru
  6465 | D:9      | Received a gift from Okawaru
  6702 | D:10     | Entered Level 10 of the Dungeon
  6731 | D:10     | Reached skill level 11 in Fighting
  6736 | D:10     | Reached XP level 11. HP: 55/74 MP: 9/11
  6902 | D:10     | Found a staircase to the Orcish Mines.
  6935 | D:10     | Found a staircase to the Lair.
  6941 | D:10     | Noticed an oklob plant
  7059 | D:10     | Found Zasairchu's Armour Shoppe.
  7294 | D:10     | Killed an oklob plant
  7873 | D:11     | Reached skill level 5 in Shields
  7877 | D:11     | Noticed Sonja
  7881 | D:11     | Noticed Grum
  7887 | D:11     | Received a gift from Okawaru
  8284 | Abyss:1  | Cast into level 1 of the Abyss (Sonja)
  8342 | Abyss:1  | Noticed a soul eater
  8347 | Abyss:1  | Noticed a will-o-the-wisp
  8358 | Abyss:1  | Noticed a glowing orange brain
  8361 | Abyss:1  | Killed a soul eater
  8361 | Abyss:1  | Noticed a thrashing horror
  8362 | Abyss:1  | Reached skill level 12 in Fighting
  8366 | Abyss:1  | Noticed a large abomination
  8366 | Abyss:1  | Noticed a thrashing horror
  8371 | Abyss:1  | Noticed a large abomination
  8371 | Abyss:1  | Noticed a sixfirhy
  8373 | Abyss:1  | Noticed a balrug
  8373 | Abyss:1  | Noticed a sun demon
  8374 | Abyss:1  | Noticed a large abomination
  8376 | Abyss:1  | HP: 2/76 [thrashing horror (9)]
  8376 | Abyss:1  | Killed from afar by a neqoxec

Illustrated notes

Levels and vault maps discovered:
D:1:      lightli_arrival_isolated_outpost, layout_loops_ring,
          minmay_misc_feat_roman, minmay_unequal
D:2:      layout_basic, serial_shops, nicolae_book_shop_shelving,
          minmay_pentomino_r2
D:3:      layout_basic, kennysheep_orc_sif_temple, grunt_ministairs_7,
          lightli_corner_chamber, uniq_jessica
D:4:      layout_loops_cross, mainiacjoe_overflow_cross_hatched,
          gammafunk_temple_overflow_statue, temple_hall,
          gammafunk_ghost_stat_death, corner_web_ring
D:5:      layout_basic, mainiacjoe_overflow_alcove_2, serial_curves,
          eino_curves_01, eino_curves_03, uniq_pikel
D:6:      layout_basic, gammafunk_ghost_nasty_kobolds
D:7:      layout_gridville, gammafunk_ghost_smash, serial_glass,
          glass_columns_a, glass_columns_c, nicolae_zig_zag_zippers
D:8:      layout_cave_pools, uniq_maurice
D:9:      layout_rooms
D:10:     layout_stronghold, dpeg_oklobed_lair, orc_0_dummy, serial_shops,
          nicolae_shop_tiny_glass
D:11:     fort_yaktaur, layout_basic, uniq_sonja, uniq_grum
Temple:   nicolae_temple_bog_church
Abyss:1:  base:
D:4

Skill      XL: |  1  2  3  4  5  6  7  8  9 10 11 |
---------------+----------------------------------+-----
Fighting       | 4 5 6 8 9 11 12 | 12.0
Armour         | 4 5 6 7 9 10 | 10.9
Maces & Flails | 3 |  3.7
Staves         | 1 4 5 7 8 9 |  9.8
Shields        | 5 |  5.7

Action                     |  1- 3 |  4- 6 |  7- 9 | 10-12 || total
---------------------------+-------+-------+-------+-------++-------
  Melee: Flail             |   139 |   137 |       |       ||   276
         Unarmed           |       |     3 |       |       ||     3
         Trident           |       |    22 |   132 |   185 ||   339
 Invoke: Heroism           |       |       |     1 |     1 ||     2
    Use: Scroll            |     3 |     8 |     5 |     6 ||    22
         Potion            |       |       |       |     4 ||     4
   Stab: Distracted        |       |       |     1 |       ||     1
 Armour: Scale mail        |    21 |       |       |       ||    21
         Chain mail        |    91 |   121 |    85 |   143 ||   440
         Skin              |       |     1 |       |       ||     1
  Dodge: Dodged            |    64 |    71 |    30 |   116 ||   281
  Block: Buckler           |    39 |    28 |    19 |    29 ||   115
